 Dungeon Crawl Stone Soup version 0.26-b1-32-g5d43845318 (webtiles) character file.

Game seed: 6605031982316316631

1218 Borgoz the Cudgeller (level 8, -5/48 HPs)
             Began as a Gargoyle Gladiator on Jan 10, 2021.
             Slain by an orc warrior
             ... wielding a +0 mace
              (7 damage)
             ... on level 6 of the Dungeon.
             The game lasted 00:07:01 (6032 turns).

Borgoz the Cudgeller (Gargoyle Gladiator)           Turns: 6032, Time: 00:07:02

Health: -5/48      AC: 11    Str: 17 (18) XL:     8   Next: 46%
Magic:  0/8        EV: 13    Int:  6 (9)  God:
Gold:   222        SH:  0    Dex: 10 (13) Spells: 7/7 levels left

rFire    . . .     SeeInvis .   k - +0 mace (drain)
rCold    . . .     Faith    .   (no shield)
rNeg     + . .     Spirit   +   b - +0 leather armour
rPois    ∞         Reflect  .   c - +1 helmet
rElec    +         Harm     +   h - scarf {harm}
rCorr    .         Rampage  .   (no gloves)
Will     .....                  (no boots)
Stlth    +.........             g - amulet of guardian spirit
HPRegen  0.16/turn              (no ring)
MPRegen  0.11/turn              (no ring)

@: no status effects
A: negative energy resistance 1, electricity resistance, unbreathing,
petrification resistance, miasma immunity, AC +5
a: no special abilities


You were on level 6 of the Dungeon.
You visited 1 branch of the dungeon, and saw 6 of its levels.

You collected 222 gold pieces.

Inventory:

Hand Weapons
 k - a +0 mace of draining (weapon)
Missiles
 d - 2 throwing nets (quivered)
Armour
 b - a +0 leather armour (worn)
 c - a +1 helmet (worn)
 h - a scarf of harm (worn)
 n - +0 ice dragon scales
Jewellery
 g - an amulet of guardian spirit (around neck)
Wands
 i - a wand of digging (1)
 r - a wand of iceblast (4)
Scrolls
 e - a scroll of magic mapping {unknown}
 f - 3 scrolls of remove curse
 j - a scroll of blinking {unknown}
 m - 3 scrolls of enchant armour
 p - a scroll of immolation {unknown}


   Skills:
 + Level 4.8 Fighting
 * Level 6.4 Maces & Flails
 - Level 1.7 Throwing
 + Level 4.1 Armour
 * Level 5.3 Dodging


You had 7 spell levels left.
You didn't know any spells.
Your spell library contained the following spells:

 Spells                   Type           Power        Failure   Level
 Magic Dart               Conj           0%           52%         1
 Blink                    Tloc           N/A          65%         2
 Call Imp                 Summ           0%           65%         2
 Slow                     Hex            0%           65%         2
 Conjure Flame            Conj/Fire      0%           87%         3
 Mephitic Cloud           Conj/Pois/Air  0%           87%         3


Dungeon Overview and Level Annotations

Branches:
Dungeon (6/15)             Temple (0/1) D:5

Altars:
Dithmenos
Gozag
Kikubaaqudgha
Makhleb
Okawaru
Wu Jian
Zin


Innate Abilities, Weirdness & Mutations

You are resistant to torment.
Your stone body is resilient. (AC +5)
You are immune to poison.
You resist negative energy. (rN+)
You are resistant to electric shocks. (rElec)
You can survive without breathing.
You are immune to petrification.
You are immune to miasma.


Message History

You hit the orc priest but do no damage.
The orc priest is almost dead.
The orc warrior hits you with a +0 mace!
* * * LOW HITPOINT WARNING * * *
The orc priest miscasts a cantrip.
Something hits you but does no damage.
You thump the orc priest!
You kill the orc priest!
The orc warrior hits you but does no damage.
You hear some strange, mumbled words.
A puff of flame appears from out of thin air!
The puff of flame hits you.
* * * LOW HITPOINT WARNING * * *
Something hits you.
* * * LOW HITPOINT WARNING * * *
Things that are here:
a +0 ring mail; an orc corpse You completely miss the orc warrior.
The orc warrior hits you with a +0 mace!
You die...

## ### #. #.# #.# #.#
#.. #.# ..#..
#.#######
###.#..######........
.......@o........#
###.#..##........#
#............# #
##...........#
##.##....)......#
...............##
.....(..######.#
......>...####.#.
.................


You could see an orc warrior (drained).

Vanquished Creatures
  2 ice beasts
  A sky beast (D:6)
  2 phantoms
  Blork the orc (D:6)
  A wyvern skeleton (D:6)
  4 wights (D:4)
  A howler monkey (D:5)
  A centaur skeleton (D:5)
  An orc priest (D:6)
  An orc wizard (D:5)
  Jessica (D:2)
  An iguana (D:5)
  4 worker ants
  A hound skeleton (D:6)
  A worker ant zombie (D:3)
  6 adders
  A shadow imp (D:5)
  A white imp (D:5)
  2 oozes
  4 worms
  3 dart slugs (D:1)
  4 leopard geckos
  3 orcs (D:5)
  A ball python (D:1)
  7 giant cockroaches
  12 goblins
  11 hobgoblins
  7 jackals
  4 quokkas
  4 bats
  4 frilled lizards
  9 kobolds
  2 leopard gecko skeletons (D:4)
  9 rats
117 creatures vanquished.

Notes
Turn   | Place    | Note
-------+----------+-------------------------------------------
     0 | D:1      | Borgoz the Gargoyle Gladiator began the quest for the Orb.
     0 | D:1      | Reached XP level 1. HP: 12/12 MP: 1/1
   169 | D:1      | Reached XP level 2. HP: 17/17 MP: 2/2
   396 | D:1      | Reached XP level 3. HP: 22/22 MP: 3/3
   403 | D:1      | Reached skill level 1 in Armour
   995 | D:2      | Noticed Jessica
  1030 | D:2      | Killed Jessica
  1031 | D:2      | Reached XP level 4. HP: 4/27 MP: 4/4
  1396 | D:2      | Reached skill level 4 in Maces & Flails
  1590 | D:2      | Reached XP level 5. HP: 20/32 MP: 5/5
  2086 | D:2      | Found an ornate altar of the Wu Jian Council.
  2087 | D:2      | Found an iron altar of Okawaru.
  2820 | D:3      | Found an ancient bone altar of Kikubaaqudgha.
  2946 | D:3      | Found a glowing silver altar of Zin.
  2947 | D:3      | Found a shadowy altar of Dithmenos.
  3051 | D:3      | Found an opulent altar of Gozag.
  3635 | D:4      | Reached XP level 6. HP: 22/37 MP: 6/6
  4435 | D:4      | Found a burning altar of Makhleb.
  4445 | D:4      | Got a fine short sword
  4446 | D:4      | Identified the +9 short sword "Geymnire" {vorpal, MP+9}
                  | (You found it on level 4 of the Dungeon)
  4871 | D:5      | Entered Level 5 of the Dungeon
  4903 | D:5      | Reached skill level 5 in Maces & Flails
  5152 | D:5      | Reached XP level 7. HP: 42/42 MP: 7/7
  5363 | D:5      | Found a staircase to the Ecumenical Temple.
  5903 | D:6      | Reached XP level 8. HP: 44/48 MP: 8/8
  5945 | D:6      | Reached skill level 6 in Maces & Flails
  5945 | D:6      | Reached skill level 5 in Dodging
  5953 | D:6      | Noticed Blork the orc
  5962 | D:6      | Killed Blork the orc
  6030 | D:6      | HP: 2/48 [something (2)]
  6032 | D:6      | Slain by an orc warrior

Illustrated notes

Levels and vault maps discovered:
D:1:      saegor_arrival_simple_b, layout_rooms
D:2:      layout_loops_cross, gammafunk_temple_overflow_statue,
          minmay_tetromino_t4, uniq_jessica
D:3:      layout_basic, pdpol_temple_overflow_zin_treasury_gozag_greed,
          chequers_temple_overflow_statue_of_worship
D:4:      layout_loops_ring, bloody_makhleb, serial_rivers,
          chequers_serial_rivers_micro_a, chequers_serial_rivers_micro_d,
          chequers_serial_rivers_large_b, chequers_serial_rivers_small_b,
          chequers_serial_rivers_micro_d, minmay_fractal_squares_5
D:5:      layout_loops_cross, minmay_temple_entry_junction, minivault_11,
          minmay_misc_feat_tiny
D:6:      layout_basic, serial_shops, shop, uniq_blork_the_orc, uniq_pikel,
          uniq_sigmund

Skill      XL: |  1  2  3  4  5  6  7  8 |
---------------+-------------------------+-----
Armour         | 1 2 3 4 |  4.1
Dodging        | 3 4 5 |  5.3
Maces & Flails | 4 5 6 |  6.4
Fighting       | 3 4 |  4.8
Throwing       | |  1.7

Action                   |  1- 3 |  4- 6 |  7- 9 || total
-------------------------+-------+-------+-------++-------
Melee: Flail             |    87 |   246 |       ||   333
       Unarmed           |    15 |       |       ||    15
       Short sword       |       |    16 |    38 ||    54
       Mace              |       |     1 |    88 ||    89
Throw: Throwing net      |     3 |       |       ||     3
Evoke: Wand              |       |       |     3 ||     3
  Use: Scroll            |       |     5 |     2 ||     7
       Potion            |       |     1 |     3 ||     4
 Stab: Held in net/web   |     1 |       |       ||     1
       Sleeping          |       |     1 |       ||     1
Armor: Leather armour    |    44 |   119 |    50 ||   213
Dodge: Dodged            |    73 |   203 |    75 ||   351
